 Dungeon Crawl Stone Soup version 0.28-a0-1356-g2ad6d04315 (webtiles) character file.

Game seed: 3349105309421059134

1464 ryw the Chopper (level 8, -1/77 HPs)
             Began as a Demigod Fighter on Dec 31, 2021.
             Slain by a gnoll sergeant (6 damage)
             ... on level 6 of the Dungeon.
             The game lasted 00:11:22 (6385 turns).

ryw the Chopper (Demigod Fighter)                   Turns: 6385, Time: 00:11:22

Health: -1/77      AC:  8    Str: 25    XL:     8   Next: 24%
Magic:  10/10      EV:  9    Int: 10    God:
Gold:   114        SH:  4    Dex: 13    Spells: 7/7 levels left

rFire   + . .      SeeInvis .   a - +1 war axe
rCold   . . .      Faith    .   c - +0 buckler
rNeg    . . .      Spirit   .   b - +0 scale mail
rPois   .          Reflect  .   (no helmet)
rElec   +          Harm     .   (no cloak)
rCorr   .          Rampage  .   m - +0 pair of gloves
Will    +....                   (no boots)
Stlth   ..........              (no amulet)
HPRegen 0.22/turn               e - ring of protection from fire
MPRegen 0.12/turn               (no ring)

@: marked, hasted, very quick
A: high mp 1, forlorn, divine attributes, deterioration 1, strong-willed 1,
robust 1, electricity resistance
a: no special abilities


You were on level 6 of the Dungeon.
You visited 1 branch of the dungeon, and saw 6 of its levels.

You collected 159 gold pieces.
You spent 45 gold pieces at shops.

Inventory:

Hand Weapons
 a - a +1 war axe (weapon)
 o - a +0 demon blade of electrocution
Missiles
 d - 4 boomerangs (quivered)
 l - 2 curare-tipped darts
Armour
 b - a +0 scale mail (worn)
 c - a +0 buckler (worn)
 m - a +0 pair of gloves (worn)
Jewellery
 e - a ring of protection from fire (left hand)
 n - a +4 ring of evasion
Wands
 g - a wand of flame (16)
 j - a wand of charming (10)
Scrolls
 h - 3 scrolls of identify
Potions
 k - a potion of ambrosia


   Skills:
 + Level 5.8 Fighting
 * Level 0.7 Long Blades
 - Level 7.4 Axes
 + Level 2.2 Throwing
 + Level 3.7 Armour
 - Level 2.6 Shields


You had 7 spell levels left.
You didn't know any spells.
Your spell library contained the following spells:

 Spells                   Type           Power      Damage    Failure   Level
 Ozocubu's Armour         Ice            0%         N/A       97%         3
 Fireball                 Conj/Fire      0%         3d3       100%        5
 Metabolic Englaciation   Hex/Ice        0%         N/A       100%        5
 Simulacrum               Ice/Necr       0%         N/A       100%        6
 Starburst                Conj/Fire      0%         6d3       100%        6
 Ignition                 Fire           0%         3d3       100%        8


Dungeon Overview and Level Annotations

Branches:
Dungeon (6/15)             Temple (0/1) D:4

Shops:
D:1 *   D:4 *


Innate Abilities, Weirdness & Mutations

You have an increased reservoir of magic. (+10% MP)
You shall have no god before yourself.
Your divine heritage dramatically boosts your attributes as you level up.
Your body sometimes deteriorates upon taking damage.
You are strong-willed. (Will+)
You are robust. (+10% HP)
You are resistant to electric shocks. (rElec)


Message History

The jelly hits you but does no damage.
The bullfrog hits you but does no damage.
Unknown command.
Okay, then.
Your +0 demon blade of electrocution stops crackling.
a - a +1 war axe (weapon)
The ufetubus barely misses you.
The ufetubus hits you but does no damage.
You block the bullfrog's attack.
The gnoll sergeant hits you from afar with a +0 spear!
* * * LOW HITPOINT WARNING * * *
The jelly hits you but does no damage.
Unknown command.
You feel yourself speed up.
The ufetubus hits you but does no damage.
The ufetubus hits you.
* * * LOW HITPOINT WARNING * * *
The bullfrog hits you but does no damage.
The gnoll sergeant hits you from afar with a +0 spear.
* * * LOW HITPOINT WARNING * * *
The jelly closely misses you. The ufetubus hits you.
* * * LOW HITPOINT WARNING * * *
The ufetubus closely misses you.
Unknown command.
You feel better. The bullfrog hits you!
* * * LOW HITPOINT WARNING * * *
A gnoll comes into view. It is wielding a +0 halberd.
The ufetubus hits you but does no damage.
The ufetubus barely misses you.
You slash the jelly!
You kill the jelly!
You hit the bullfrog. You completely miss the ufetubus.
The bullfrog closely misses you. The gnoll sergeant closely misses you.
The ufetubus hits you.
* * * LOW HITPOINT WARNING * * *
The ufetubus barely misses you.
The gnoll hits you from afar with a +0 halberd.
* * * LOW HITPOINT WARNING * * *
The gnoll sergeant hits you with a +0 spear.
You die...

### ... ...
..##.###.#.
..........
....##.#
#.....g.
#...##g#
#.^..#g#
#<...#@#
####.#F#
#.S5# #..g#
##.##
#.......#
#####.###
.. #.#


You could see a gnoll sergeant, a bullfrog, 3 gnolls, an adder and an ufetubus.

Vanquished Creatures
  Sigmund (D:2)
  Pargi (D:3)
  3 ogres
  2 kobold brigands (D:5)
  2 phantoms
  A scorpion (D:4)
  A bullfrog zombie (D:3)
  A jelly (D:6)
  2 orc priests
  An iguana (D:6)
  A bullfrog skeleton (D:5)
  Jessica (D:3)
  A centaur skeleton (D:4)
  2 orc wizards
  3 adders
  A shadow imp (D:5)
  A white imp (D:6)
  2 worms
  2 dart slugs
  9 orcs
  7 endoplasms
  6 giant cockroaches
  8 goblins
  9 hobgoblins
  4 jackals (D:3)
  2 quokkas (D:3)
  14 ball pythons
  5 bats
  4 frilled lizards (D:1)
  14 kobolds
  8 rats
119 creatures vanquished.

Vanquished Creatures (collateral kills)
  Grinder (D:5)
1 creature vanquished.

Vanquished Creatures (others)
  2 fungi (D:1)
  2 plants (D:3)
4 creatures vanquished.

Grand Total: 124 creatures vanquished

Notes
Turn   | Place    | Note
-------+----------+-------------------------------------------
     0 | D:1      | ryw the Demigod Fighter began the quest for the Orb.
     0 | D:1      | Reached XP level 1. HP: 18/18 MP: 3/3
   170 | D:1      | Reached skill level 2 in Axes
   291 | D:1      | Reached XP level 2. HP: 20/25 MP: 4/4
   949 | D:1      | Found Pafirgh's General Store.
  1035 | D:1      | Reached XP level 3. HP: 27/31 MP: 5/5
  1228 | D:1      | Reached skill level 3 in Axes
  1618 | D:2      | Noticed Sigmund
  1630 | D:2      | HP: 1/31 [Sigmund (7)]
  1632 | D:2      | Killed Sigmund
  1633 | D:2      | Reached skill level 4 in Axes
  1633 | D:2      | Reached XP level 4. HP: 2/40 MP: 6/6
  1633 | D:2      | Reached XP level 5. HP: 2/46 MP: 7/7
  1635 | D:2      | HP: 1/46 [ball python (1)]
  3173 | D:3      | Noticed Jessica
  3178 | D:3      | Noticed Pargi
  3183 | D:3      | Reached skill level 5 in Axes
  3193 | D:3      | Killed Jessica
  3194 | D:3      | Reached XP level 6. HP: 51/52 MP: 8/8
  3203 | D:3      | Killed Pargi
  4230 | D:4      | Gained mutation: Your body sometimes deteriorates upon
                  | taking damage. [potion of mutation]
  4230 | D:4      | Gained mutation: You are strong-willed. (Will+) [potion of
                  | mutation]
  4230 | D:4      | Gained mutation: Your system is resistant to poisons.
                  | (rPois) [potion of mutation]
  4231 | D:4      | Lost mutation: You are strong-willed. (Will+) [potion of
                  | mutation]
  4231 | D:4      | Lost mutation: Your system is resistant to poisons. (rPois)
                  | [potion of mutation]
  4231 | D:4      | Gained mutation: You are strong-willed. (Will+) [potion of
                  | mutation]
  4231 | D:4      | Gained mutation: You are resistant to electric shocks.
                  | (rElec) [potion of mutation]
  4231 | D:4      | Gained mutation: You are robust. (+10% HP) [potion of
                  | mutation]
  4304 | D:4      | Found a staircase to the Ecumenical Temple.
  4308 | D:4      | Reached skill level 6 in Axes
  4308 | D:4      | Reached XP level 7. HP: 61/66 MP: 9/9
  4408 | D:4      | Found Dupezom's Assorted Antiques.
  4458 | D:4      | Bought a scroll labelled UKESYF PIOL for 24 gold pieces
  4458 | D:4      | Bought a ruby potion for 21 gold pieces
  4574 | D:5      | Entered Level 5 of the Dungeon
  4603 | D:5      | Reached skill level 5 in Fighting
  5329 | D:5      | Reached skill level 1 in Throwing
  5611 | D:5      | Noticed Grinder
  5659 | D:4      | Reached skill level 7 in Axes
  5738 | D:5      | Killed Grinder
  5739 | D:5      | Reached XP level 8. HP: 75/75 MP: 10/10
  6349 | D:5      | Identified a scroll of acquirement
  6350 | D:5      | Acquired a +0 demon blade of electrocution
  6385 | D:6      | Slain by a gnoll sergeant

Illustrated notes

Levels and vault maps discovered:
D:1:      minmay_arrival_semitransparent, layout_basic,
          shapermc_ecumenical_altar_mp_ritualfount, serial_shops,
          nicolae_shop_behind_doors, corexii_hall_statues_deadend
D:2:      layout_basic, basic_altar, uniq_sigmund
D:3:      layout_basic, mainiacjoe_overflow_chevrons, uniq_pargi, uniq_jessica
D:4:      layout_rooms, minmay_temple_entry_wispy, serial_curves,
          eino_curves_03, eino_curves_04, serial_shops, nicolae_square_shop
D:5:      cheibrodos_thug_alley, layout_loops_ring,
          chequers_serial_rivers_marsh, uniq_grinder
D:6:      layout_basic, uniq_edmund

Skill      XL: |  1  2  3  4  5  6  7  8 |
---------------+-------------------------+-----
Axes           | 2 4 5 6 7 |  7.4
Fighting       | 3 4 5 |  5.8
Throwing       | 1 2 |  2.2
Armour         | 3 |  3.7
Long Blades    | |  0.7
Shields        | |  2.6

Action                   |  1- 3 |  4- 6 |  7- 9 || total
-------------------------+-------+-------+-------++-------
Melee: War axe           |   101 |   125 |   113 ||   339
       Demon blade       |       |       |    14 ||    14
  Use: Scroll            |     4 |     2 |     9 ||    15
       Potion            |     1 |     5 |     6 ||    12
Armor: Scale mail        |    50 |    43 |    53 ||   146
       Skin              |       |    24 |       ||    24
Dodge: Dodged            |    56 |    46 |    55 ||   157
Block: Buckler           |    27 |    28 |    30 ||    85

Table legend: (Time is in decaauts)
 A = Elapsed time spent in this place.
 B = Non-inter-level travel time spent in this place.
 C = Inter-level travel time spent in this place.
 D = Time resting spent in this place.
 E = Time spent auto-exploring this place.
 F = Levels seen in this place.
 G = Mean time per level.
                   A        B        C        D        E       F      G
               +--------+--------+--------+--------+--------+-----+--------+
         Total |   6508 |   6434 |     74 |   1407 |   3921 |   6 | 1084.7 |
       Dungeon |   6508 |   6434 |     74 |   1407 |   3921 |   6 | 1084.7 |
               +--------+--------+--------+--------+--------+-----+--------+

Top non-repeatable levels by time:
     D:1: 1738 daAuts
     D:5: 1673 daAuts
     D:4: 1067 daAuts
     D:3: 1005 daAuts
     D:2: 990 daAuts
     D:6: 34 daAuts
